 Dungeon Crawl Stone Soup version 0.27-a0-1065-ge809cff456 (webtiles) character file.

Game seed: 10597357023548156431

5559 kae the Grappler (level 10, -16/124 HPs)
             Began as a Green Draconian Transmuter on Apr 22, 2021.
             Was a Follower of Ru.
             Killed from afar by Erica (24 damage)
             ... with a lance of force
             ... on level 9 of the Dungeon.
             The game lasted 00:07:19 (12712 turns).

kae the Grappler (Green Draconian Transmuter)      Turns: 12712, Time: 00:07:20

Health: -16/124    AC: 25    Str: 13    XL:     10   Next: 44%
Magic:  0/18       EV:  2    Int: 17    God:    Ru [*.....]
Gold:   344        SH:  0    Dex: 11    Spells: 12/20 levels left

rFire    . . .     SeeInvis .     - Unarmed
rCold    . . .     Faith    .   (no shield)
rNeg     + + +     Spirit   +   (armour unavailable)
rPois    +         Reflect  .   (helmet currently unavailable)
rElec    .         Harm     .   (cloak currently unavailable)
rCorr    .         Rampage  .   (gloves currently unavailable)
Will     .....     NoTele   +   (boots currently unavailable)
Stlth    +.........             f - amulet of guardian spirit
HPRegen  0.30/turn              p - ring of poison resistance
MPRegen  0.16/turn              (no ring)

@: tree-form (expiring)
A: stationary, stasis, torment immunity, boosted hp, (breathe noxious fumes), AC
+7, unfitting armour, (poison resistance), (cold-blooded), hated by all
a: Renounce Religion


You were on level 9 of the Dungeon.
You worshipped Ru.
Ru was aware of your devotion.
You were a tree.
You visited 2 branches of the dungeon, and saw 10 of its levels.

You collected 344 gold pieces.

Inventory:

Missiles
 c - 8 curare-tipped darts
Jewellery
 f - an amulet of guardian spirit (around neck)
 g - a ring of fire
 p - a ring of poison resistance (left branch)
Wands
 j - a wand of flame (5)
 n - a wand of acid (7)
Scrolls
 h - 2 scrolls of vulnerability
 i - a scroll of identify
 s - a scroll of holy word
 t - a scroll of fear
Potions
 b - 2 potions of attraction
 d - a potion of brilliance
 e - a potion of resistance {unknown}
 k - a potion of mutation {unknown}
 l - 2 potions of curing
 m - 2 potions of flight {unknown}
 o - 3 potions of degeneration {unknown}
 r - 2 potions of cancellation {unknown}


   Skills:
 + Level 6.1 Fighting
 + Level 5.4 Dodging
 * Level 8.5 Unarmed Combat
 + Level 5.5 Spellcasting
 * Level 8.2 Transmutations
 - Level 4.0 Ice Magic
 - Level 2.4 Poison Magic


You had 12 spell levels left.
You knew the following spells:

 Your Spells              Type           Power      Damage    Failure   Level
a - Beastly Appendage     Tmut           64%        N/A       1%          1
b - Spider Form           Tmut/Pois      11%        N/A       4%          3
c - Ice Form              Ice/Tmut       25%        N/A       11%         4

Your spell library contained the following spells:

 Spells                   Type           Power      Damage    Failure   Level
 Wereblood                Tmut           32%        N/A       1%          2
 Ensorcelled Hibernation  Hex/Ice        22%        N/A       9%          2
 Hydra Form               Tmut           16%        N/A       13%         5
 Corona                   Hex            4%         N/A       14%         1
 Pain                     Necr           16%        1d4       14%         1
 Confusing Touch          Hex            4%         N/A       38%         3
 Dazzling Flash           Conj/Hex       8%         N/A       38%         3
 Vampiric Draining        Necr           2%         2d6       38%         3
 Agony                    Necr           4%         N/A       98%         5
 Animate Skeleton         Necr           Unusable   N/A       N/A         1
 Tukima's Dance           Hex            Unusable   N/A       N/A         3
 Animate Dead             Necr           Unusable   N/A       N/A         4

Dungeon Overview and Level Annotations

Branches:
Dungeon (9/15)             Temple (1/1) D:5
   Lair: D:8-11         Orc: D:9-12

Altars:
Ashenzari
Cheibriados
Dithmenos
Elyvilon
Fedhas
Gozag
Hepliaklqana
Kikubaaqudgha
Makhleb
Nemelex Xobeh
Okawaru
Qazlal
Ru
Sif Muna
Trog
Uskayaw
Vehumet
Wu Jian
Xom
Yredelemnul
Zin
The Shining One

Annotations:
D:9 Erica


Innate Abilities, Weirdness & Mutations

You are a tree.
Your roots penetrate the ground, keeping you stationary.
You cannot be teleported.
You are immune to unholy pain and torment.
Your maximum health is greatly increased.
Your equipment is partially melded.
((You can breathe blasts of noxious fumes.))
((Your lurid green scales are hard. (AC +7)))
You cannot fit into any form of body armour.
((Your system is resistant to poisons. (rPois)))
((You are cold-blooded and may be slowed by cold attacks.))
You are hated by all.


Message History

You hit the two-headed ogre.
The two-headed ogre is moderately wounded.
You smack the two-headed ogre!
The two-headed ogre is severely wounded.
The two-headed ogre hits you with a +0 giant club!!
* * * LOW HITPOINT WARNING * * *
The two-headed ogre hits you with a +0 giant spiked club.
* * * LOW HITPOINT WARNING * * *
You smack the two-headed ogre!
The two-headed ogre is almost dead.
The two-headed ogre hits you with a +0 giant club.
* * * LOW HITPOINT WARNING * * *
The two-headed ogre hits you with a +0 giant spiked club.
* * * LOW HITPOINT WARNING * * *
You smack the two-headed ogre!
You kill the two-headed ogre!
Your Fighting skill increases to level 6!
You completely miss Erica.
The sentinel's mark upon you fades away.
Erica hits you but does no damage.
You hit Erica.
Erica is lightly wounded.
Erica is stunned by your conviction and fails to attack.
You barely miss Erica.
Erica is lightly wounded.
Your transformation is almost over.
Erica hits you but does no damage.
You pummel Erica!!
Erica is moderately wounded.
Erica hits you but does no damage.
You smack Erica!
Erica is heavily wounded.
Erica hits you but does no damage.
You smack Erica!
Erica is severely wounded.
You hit Erica.
Erica is severely wounded.
Erica points at you and mumbles some strange words.
The lance of force hits you!!
You die...

.#####......c...........#
.........................
.(.....................##
.........# #.........###
.......(.# #.........#
###..###.#.....###
##..#....###.#..#
#...@#...##.##..#
##>.#♣#######..## ######
####


You could see Erica.

Vanquished Creatures
  A two-headed ogre (D:9)
  2 trolls
  Grinder (D:5)
  Sigmund (D:2)
  A wyvern (D:9)
  A wraith (D:9)
  3 yaks (D:8)
  2 water moccasins
  Duvessa (D:6)
  A hornet zombie (D:8)
  2 sky beasts (D:5)
  An ice beast (D:8)
  An orc warrior (D:7)
  An ogre (D:5)
  2 centaurs
  A phantom (D:5)
  2 bullfrogs
  2 kobold brigands (D:8)
  4 scorpions
  Dowan (D:6)
  3 wyvern skeletons (D:7)
  4 water moccasin skeletons
  13 wights
  A centaur zombie (D:9)
  2 howler monkeys (D:7)
  A bullfrog zombie (D:5)
  A jelly (D:5)
  A bullfrog skeleton (D:6)
  A centaur skeleton (D:6)
  An orc priest (D:7)
  A hound (D:6)
  3 gnoll shamans
  2 iguanas (D:5)
  Jessica (D:2)
  6 orc wizards
  A hound skeleton (D:5)
  A mummy (D:6)
  13 gnolls
  2 howler monkey zombies (D:9)
  8 adders
  A white imp (D:8)
  An adder skeleton (D:4)
  32 orcs
  4 bats
  6 endoplasms
  2 giant cockroaches (D:1)
  5 goblins
  12 hobgoblins
  7 jackals
  6 quokkas
  A ball python (D:2)
  5 frilled lizards
  12 kobolds
  4 rats
195 creatures vanquished.

Notes
Turn   | Place    | Note
-------+----------+-------------------------------------------
     0 | D:1      | kae the Draconian Transmuter began the quest for the Orb.
     0 | D:1      | Reached XP level 1. HP: 16/16 MP: 3/3
   715 | D:1      | Reached XP level 2. HP: 23/23 MP: 3/5
  1742 | D:2      | Found a shadowy altar of Dithmenos.
  1778 | D:2      | Reached XP level 3. HP: 23/28 MP: 6/6
  1782 | D:2      | Learned a level 3 spell: Spider Form
  2100 | D:2      | Noticed Jessica
  2107 | D:2      | Killed Jessica
  2108 | D:2      | Reached XP level 4. HP: 30/36 MP: 5/7
  2171 | D:2      | Found a faded altar of an unknown god.
  2289 | D:2      | Noticed Sigmund
  2299 | D:2      | Killed Sigmund
  2300 | D:2      | Reached XP level 5. HP: 35/42 MP: 5/9
  2612 | D:3      | Reached XP level 6. HP: 49/49 MP: 8/10
  2718 | D:3      | Learned a level 4 spell: Ice Form
  4381 | D:4      | Reached skill level 1 in Ice Magic
  4727 | D:4      | Your scales start taking on a lurid green colour.
  4727 | D:4      | Reached XP level 7. HP: 10/56 MP: 8/11
  4727 | D:4      | Gained mutation: Your system is resistant to poisons.
                  | (rPois) [Green Draconian growth]
  4732 | D:3      | HP: 2/56 [poisoned by a scorpion]
  5841 | D:5      | Entered Level 5 of the Dungeon
  6027 | D:5      | Found a staircase to the Ecumenical Temple.
  6048 | D:5      | Reached skill level 5 in Unarmed Combat
  6062 | Temple   | Entered the Ecumenical Temple
  6476 | Temple   | Became a worshipper of Ru the Awakened
  6599 | D:5      | Reached skill level 5 in Transmutations
  6599 | D:5      | Reached XP level 8. HP: 63/63 MP: 8/13
  7443 | D:5      | Noticed Grinder
  7449 | D:5      | Paralysed by Grinder for 5 turns
  7458 | D:5      | Killed Grinder
  8449 | D:6      | Found a snail-covered altar of Cheibriados.
  8939 | D:6      | Gained mutation: You are hated by all. [Ru sacrifice]
  8939 | D:6      | Reached * piety under Ru
  8975 | D:6      | Noticed Duvessa
  8975 | D:6      | Noticed Dowan
  8989 | D:6      | Killed Duvessa
  8990 | D:6      | Reached XP level 9. HP: 72/72 MP: 11/15
  8994 | D:6      | Killed Dowan
  9720 | D:7      | Found a glowing golden altar of the Shining One.
  9769 | D:7      | Found a stormy altar of Qazlal.
 10175 | D:7      | Found a shadowy altar of Dithmenos.
 10502 | D:7      | Reached skill level 5 in Fighting
 11585 | D:8      | Noticed a troll
 11598 | D:8      | Killed a troll
 11599 | D:8      | Reached skill level 5 in Spellcasting
 12136 | D:8      | Reached XP level 10. HP: 82/82 MP: 10/17
 12141 | D:8      | Reached skill level 5 in Dodging
 12691 | D:9      | Noticed Erica
 12692 | D:9      | Noticed a two-headed ogre
 12700 | D:9      | HP: 6/124 [two-headed ogre/+0 giant club (3)]
 12705 | D:9      | Killed a two-headed ogre
 12712 | D:9      | Killed from afar by Erica

Illustrated notes

Levels and vault maps discovered:
D:1:      psy_arrival_spokes, layout_basic
D:2:      layout_basic, chequers_ecumenical_altar_simple, basic_altar,
          uniq_sigmund, uniq_jessica
D:3:      layout_basic, hangedman_decor_push, grunt_decor_resistance,
          grunt_decor_fettered
D:4:      layout_cave_pools
D:5:      minmay_chambers_of_threes, layout_basic, minmay_temple_entry_wispy,
          uniq_grinder
D:6:      layout_basic, chei_slow_surprise, uniq_duvessa
D:7:      layout_gridville, nicolae_tso_swordbearing_angel, marbit_many_paths,
          nicolae_qazlal_style_of_elements, enter_ossuary_3
D:8:      layout_rooms
D:9:      layout_big_octagon, uniq_erica
Temple:   dpeg_five_rooms_temple

Skill      XL: |  1  2  3  4  5  6  7  8  9 10 |
---------------+-------------------------------+-----
Dodging        | 2 3 4 5 |  5.4
Transmutations | 3 4 5 6 7 8 |  8.2
Fighting       | 2 3 4 5 6 |  6.1
Unarmed Combat | 4 5 6 7 8 |  8.5
Poison Magic   | 2 |  2.4
Ice Magic      | 1 3 4 |  4.0
Spellcasting   | 3 4 5 |  5.5

Action                   |  1- 3 |  4- 6 |  7- 9 | 10-12 || total
-------------------------+-------+-------+-------+-------++-------
Melee: Unarmed           |    90 |   136 |   326 |    59 ||   611
       Kick              |    14 |     8 |       |       ||    22
       Headbutt          |     9 |     5 |       |       ||    14
       Punch             |     2 |       |       |       ||     2
       Tailslap          |     2 |     2 |     3 |     1 ||     8
 Cast: Beastly Appendage |    18 |     5 |       |       ||    23
       Spider Form       |       |    20 |    10 |       ||    30
       Ice Form          |       |       |    30 |     2 ||    32
Invok: Sacrifice Love    |       |       |     1 |       ||     1
       Reject Sacrifices |       |       |     1 |       ||     1
 Abil: Breathe Noxious F |       |       |     8 |     1 ||     9
       End Transformatio |       |       |     1 |       ||     1
  Use: Scroll            |     1 |     2 |     8 |     2 ||    13
       Potion            |     1 |     1 |       |     2 ||     4
 Stab: Sleeping          |       |     1 |       |       ||     1
       Confused          |       |       |     4 |     1 ||     5
Armor: Skin              |    36 |    15 |    70 |    55 ||   176
Dodge: Dodged            |    64 |   170 |   168 |    14 ||   416

Table legend: (Time is in decaauts)
 A = Elapsed time spent in this place.
 B = Non-inter-level travel time spent in this place.
 C = Inter-level travel time spent in this place.
 D = Time resting spent in this place.
 E = Time spent auto-exploring this place.
 F = Levels seen in this place.
 G = Mean time per level.
                   A        B        C        D        E       F      G
               +--------+--------+--------+--------+--------+-----+--------+
         Total |  12662 |  12335 |    327 |    930 |  10047 |  10 | 1266.2 |
       Dungeon |  12215 |  11974 |    241 |    930 |   9688 |   9 | 1357.2 |
        Temple |    447 |    361 |     86 |      0 |    359 |   1 |  447.0 |
               +--------+--------+--------+--------+--------+-----+--------+

Top non-repeatable levels by time:
     D:3: 2381 daAuts
     D:5: 1866 daAuts
     D:1: 1744 daAuts
     D:7: 1727 daAuts
     D:8: 1270 daAuts
     D:6: 1153 daAuts
     D:4: 947 daAuts
     D:2: 765 daAuts
  Temple: 447 daAuts
     D:9: 358 daAuts
